 Dungeon Crawl Stone Soup version 0.24.1-1-gd1d2a07e1b (webtiles) character file.

Game seed: 287474265928184550, levelgen mode: deterministic

70149 Peloso the Peltast (level 14, -18/127 HPs)
             Began as a Minotaur Fighter on Apr 8, 2020.
             Was a High Priest of Okawaru.
             Demolished by an Ice Fiend (23 damage)
             ... summoned by a lich
             ... on level 1 of the Elven Halls.
             The game lasted 01:02:34 (24469 turns).

Peloso the Peltast (Minotaur Fighter)              Turns: 24469, Time: 01:02:35

Health: -18/127    AC: 21    Str: 27    XL:     14   Next: 93%
Magic:  2/15       EV: 11    Int: 14    God:    Okawaru [*****.]
Gold:   1730       SH: 15    Dex: 15    Spells: 13/13 levels left

rFire    + + .     SeeInvis +   a - +10 double sword of the Fray {freeze, Fragile rPois rN+ Int+4}
rCold    . . .     Gourm    +   c - +0 shield
rNeg     + . .     Faith    .   r - +0 plate armour
rPois    +         Spirit   .   O - +1 hat of Integrity {Str+3}
rElec    +         Reflect  .   N - +1 cloak of Veetet {rF+ Dex+3}
rCorr    .         Harm     .   (no gloves)
MR       ++...                  v - +0 pair of boots of Pomob {rElec}
Stlth    ..........             L - amulet of the gourmand
HPRegen  0.31/turn              s - ring of Zazeiroe {Int+3 Stlth+}
MPRegen  0.14/turn              M - ring "Inefoidu" {+Blink rF+ MR+ Int+2 SInv}

@: flying (expiring), lightly drained
A: retaliatory headbutt, horns 2, mutation resistance 1, wild magic 1
a: Heroism, Finesse, Renounce Religion, Evoke Blink


You were on level 1 of the Elven Halls.
You worshipped Okawaru.
Okawaru was extremely pleased with you.
You were full.

You visited 5 branches of the dungeon, and saw 21 of its levels.
You also visited: Bailey and Gauntlet.

You collected 2147 gold pieces.
You spent 417 gold pieces at shops.

Inventory:

Hand Weapons
 a - the +10 double sword of the Fray (weapon) {freeze, Fragile rPois rN+ Int+4}
   (You acquired it on level 2 of the Swamp)

   It has been specially enchanted to freeze those struck by it, causing extra
   injury to most foes and up to half again as much damage against particularly
   susceptible opponents.
   It can also slow down cold-blooded creatures.
   It affects your intelligence (+4).
   It protects you from poison.
   It protects you from negative energy.
   It will be destroyed if unequipped.
 b - a +4 scimitar of flaming
 e - a +1 double sword of draining
 A - the +5 long sword of Daumenix {venom, rPois Str-3 Int+2 Stlth+}
   (You acquired it on level 1 of the Swamp)

   It poisons the flesh of those it strikes.
   It affects your strength (-3).
   It affects your intelligence (+2).
   It protects you from poison.
   It makes you more stealthy.
 H - the +6 falchion "Goblin's Death Toll" {slice, rElec}
   (You bought it in a shop on level 7 of the Dungeon)

   It inflicts extra damage upon your enemies.
   It insulates you from electricity.
Armour
 c - a +0 shield (worn)
 l - a scarf of resistance
 p - a +0 cloak of poison resistance
 r - a +0 plate armour (worn)
 v - the +0 pair of boots of Pomob (worn) {rElec}
   (Okawaru gifted it to you on level 8 of the Dungeon)

   It insulates you from electricity.
 C - a +2 hat of magic resistance
 N - the +1 cloak of Veetet (worn) {rF+ Dex+3}
   (You found it in a Gauntlet)

   It affects your dexterity (+3).
   It protects you from fire.
 O - the +1 hat of Integrity (worn) {Str+3}
   (You found it in a Gauntlet)

   It affects your strength (+3).
Jewellery
 m - an uncursed ring of protection from magic
 s - the ring of Zazeiroe (left hand) {Int+3 Stlth+}
   (You found it on level 1 of the Orcish Mines)

   [ring of intelligence]

   It affects your intelligence (+3).
   It makes you more stealthy.
 t - an uncursed ring of protection from fire
 w - an uncursed ring of wizardry {unknown}
 L - an amulet of the gourmand (around neck)
 M - the ring "Inefoidu" (right hand) {+Blink rF+ MR+ Int+2 SInv}
   (You found it on level 2 of the Lair of Beasts)

   [ring of protection from fire]

   It affects your intelligence (+2).
   It protects you from fire.
   It affects your resistance to hostile enchantments.
   It lets you see invisible.
   It lets you blink.
 S - an uncursed ring of protection from magic
Wands
 P - a wand of digging (1)
Scrolls
 g - 12 scrolls of remove curse
 h - 4 scrolls of amnesia
 j - 2 scrolls of magic mapping
 k - 3 scrolls of fog
 n - a scroll of noise
 u - 8 scrolls of fear
 y - 4 scrolls of enchant armour
 z - a scroll of holy word {unknown}
 B - a scroll of enchant weapon
 D - a scroll of summoning {unknown}
 K - a scroll of identify
Potions
 d - a potion of resistance
 i - 2 potions of flight
 o - 3 potions of haste
 q - 7 potions of agility
 x - a potion of heal wounds
 E - a potion of ambrosia
 V - a potion of curing
Comestibles
 f - 38 rations


   Skills:
 + Level 12.8(12.6) Fighting
 + Level 16.2(16.0) Long Blades
 + Level 14.6(14.4) Armour
 + Level 5.1(5.0) Dodging
 + Level 2.1(1.9) Stealth
 + Level 16.7(16.5) Shields
 + Level 3.4(3.2) Invocations
 + Level 1.7(1.6) Evocations


You had 13 spell levels left.
You didn't know any spells.
Your spell library contained the following spells:

 Spells                   Type           Power        Failure   Level  Hunger
 Animate Skeleton         Necr           N/A          92%         1    ##.....
 Pain                     Necr           #...         92%         1    ##.....
 Slow                     Hex            #.......     98%         2    ###....
 Regeneration             Chrm/Necr      #.........   100%        3    ####...
 Summon Guardian Golem    Hex/Summ       #.......     100%        3    ####...
 Vampiric Draining        Necr           #.........   100%        3    ####...
 Animate Dead             Necr           N/A          100%        4    #####..
 Ice Form                 Ice/Tmut       #.......     100%        4    #####..
 Metabolic Englaciation   Hex/Ice        #.........   100%        5    ######.
 Invisibility             Hex            #.......     100%        6    #######


Dungeon Overview and Level Annotations

Branches:
Dungeon (12/15)            Temple (0/1) D:6            Lair (4/6) D:8
  Swamp (2/4) Lair:3        Snake (0/4) Lair:2          Orc (2/2) D:10
    Elf (1/3) Orc:2        Bailey (visited)         Gauntlet (visited)

Altars:
Ashenzari
Cheibriados
Dithmenos
Elyvilon
Fedhas
Kikubaaqudgha
Makhleb
Okawaru
Wu Jian
Xom
Yredelemnul
Zin

Shops:
D:7 (?%[   Orc:2 %?*?*   Elf:1 *

Annotations:
D:8 2 transporters


Innate Abilities, Weirdness & Mutations

You reflexively headbutt those who attack you in melee.
You have a pair of horns on your head.
You are somewhat resistant to further mutation.
Your spells are a little harder to cast, but a little more powerful.


Message History

A vortex of raging winds appears around the air elemental!
The lich touches you but does no damage.
Unknown command.
You slice the lich!! You headbutt the lich!!
The lich is heavily damaged.
The vortex of raging winds lifts you up.
You fly up into the air.
* * * LOW HITPOINT WARNING * * *
The lich casts a spell at you. The bolt of cold hits you!!
* * * LOW HITPOINT WARNING * * *
The deep elf mage shouts!
You hear a shout!
You hit the lich but do no damage. Your headbutt misses the lich.
The lich is heavily damaged.
You are engulfed in raging winds.
You hear a shout!
The Ice Fiend misses you. The Ice Fiend claws you!
* * * LOW HITPOINT WARNING * * *
The Ice Fiend freezes you!!
You die...

..# ### .# #.# #.# #..
...... # #.#####.####
.#.#.# #.#.##......[##
...... .#.# #.....#.#
.#.#§####..#..#...#..# #
....§§§§##§#...#@#e.§###..#
#.#.#§§E..?...1#Lee§Ee...⌠
.#...§§.##.#...#.#Ee§###.#
.)..)§§..§§#..#..○#e§#
.#.<)§##§§.#.#.....#.#
.8.8......§##...... ##
⌠.⌠..#.>...#####.##
.∩.8###(...# ... ⌠.⌠.#
##...# ...


You could see an Ice Fiend, a lich, a deep elf annihilator, a deep elf archer, a
deep elf knight, a water elemental, 2 deep elf magi and an air elemental.

Vanquished Creatures
  Nikola (Swamp:2)
  Frances (Swamp:2)
  Gastronok (D:8)
  A thorn hunter (Swamp:1)
  An orc warlord (Orc:1)
  A reaper (Gauntlet)
  Nessos (Lair:4)
  Azrael (D:11)
  A minotaur (Gauntlet)
  The ghost of Dmuffinman the Fencer, a journeyman MiBe of Trog (Orc:1)
  4 hydras
  2 two-headed ogres
  3 orc high priests (Orc:2)
  8 alligators
  2 dancing weapons (Elf:1)
  Sonja (Lair:4)
  2 spriggans (Swamp:2)
  Nergalle (D:12)
  A fire crab (Gauntlet)
  An unseen horror (D:10)
  Pikel (D:9)
  An ugly thing (D:11)
  4 deep elf magi
  6 orc knights
  4 orc sorcerers
  A cyclops (D:11)
  A centaur zombie (D:10)
  Maurice (D:8)
  Joseph (D:7)
  A black mamba (Lair:4)
  A gargoyle (D:12)
  6 spiny frogs
  Psyche (D:9)
  A rime drake (Lair:4)
  4 komodo dragons
  A jumping spider (shapeshifter) (Elf:1)
  6 trolls
  2 hornets (Swamp:2)
  5 tyrant leeches
  7 blink frogs
  7 hippogriffs
  2 bog bodies
  2 dream sheep (D:8)
  4 flying skulls (Gauntlet)
  An air elemental (Elf:1)
  3 fire elementals
  2 water elementals
  Sigmund (D:7)
  Eustachio (D:4)
  32 yaks
  3 basilisks
  3 fire bats (Gauntlet)
  6 wyverns
  3 neqoxecs (Orc:1)
  6 vampire mosquitoes
  2 steam dragons
  2 wargs (Orc:1)
  2 nagas (Lair:2)
  6 swamp worms
  Edmund (D:7)
  2 hell hounds (D:11)
  Duvessa (D:4)
  8 water moccasins
  7 porcupines
  3 swamp drakes (Swamp:1)
  2 ice beasts
  34 orc warriors
  A sky beast (D:9)
  4 black bears
  6 wolves
  2 necrophages
  12 ogres
  9 centaurs
  6 big kobolds
  8 crocodiles
  A gnoll sergeant (D:9)
  6 bullfrogs
  Dowan (D:4)
  A scorpion (D:8)
  A wyvern skeleton (D:6)
  25 killer bees
  5 howler monkeys
  9 electric eels
  4 crimson imps
  3 bullfrog zombies
  9 hounds
  3 quasits (Orc:1)
  3 jellies
  2 bullfrog skeletons
  A gnoll shaman (D:3)
  21 orc priests
  20 orc wizards
  5 iguanas
  6 worker ants
  A hound zombie (D:7)
  2 hound skeletons
  A howler monkey zombie (D:9)
  A worker ant zombie (D:6)
  8 adders
  15 gnolls
  3 shadow imps
  An adder zombie (D:9)
  An ooze (D:4)
  3 adder skeletons
  6 worms
  3 dart slugs
  5 leopard geckos
  94 orcs
  A ball python (D:1)
  2 giant cockroaches (D:3)
  11 goblins
  11 hobgoblins
  7 jackals
  4 quokkas
  7 bats
  3 frilled lizards
  A jackal zombie (D:8)
  26 kobolds
  3 rats
  2 briar patches (Swamp:1)
  A plant (D:8)
633 creatures vanquished.

Vanquished Creatures (others)
  A swamp worm (Swamp:2)
  An adder (D:8)
  An orc (Orc:2)
  A kobold (D:12)
  11 plants
15 creatures vanquished.

Grand Total: 648 creatures vanquished

Notes
Turn   | Place    | Note
-------+----------+-------------------------------------------
     0 | D:1      | Peloso the Minotaur Fighter began the quest for the Orb.
     0 | D:1      | Reached XP level 1. HP: 19/19 MP: 0/0
    48 | D:1      | Reached XP level 2. HP: 27/27 MP: 1/1
   852 | D:2      | Reached XP level 3. HP: 33/33 MP: 2/2
   872 | D:2      | Found a shattered altar of Ashenzari.
  1550 | D:3      | Found an ancient bone altar of Kikubaaqudgha.
  1719 | D:3      | Reached XP level 4. HP: 38/40 MP: 3/3
  2312 | D:3      | Reached XP level 5. HP: 33/47 MP: 4/4
  2421 | D:3      | Reached skill level 5 in Shields
  2551 | D:4      | Reached skill level 1 in Dodging
  2659 | D:4      | Found a glowing silver altar of Zin.
  2659 | D:4      | Found a white marble altar of Elyvilon.
  2767 | D:4      | Reached skill level 5 in Long Blades
  2767 | D:4      | Reached XP level 6. HP: 36/53 MP: 5/5
  2840 | D:4      | Found a shimmering altar of Xom.
  2927 | D:4      | Found an iron altar of Okawaru.
  2935 | D:4      | Became a worshipper of Warmaster Okawaru
  3048 | D:4      | Noticed a two-headed ogre
  3054 | D:4      | Killed a two-headed ogre
  3054 | D:4      | Reached * piety under Okawaru
  3054 | D:4      | Reached skill level 5 in Fighting
  3054 | D:4      | Reached skill level 5 in Armour
  3054 | D:4      | Reached XP level 7. HP: 27/62 MP: 6/6
  3054 | D:4      | Reached XP level 8. HP: 31/70 MP: 7/7
  3309 | D:4      | Noticed Eustachio
  3345 | D:4      | Killed Eustachio
  3380 | D:4      | Noticed Duvessa
  3380 | D:4      | Noticed Dowan
  3404 | D:4      | Killed Duvessa
  3411 | D:4      | Killed Dowan
  3707 | D:5      | Entered Level 5 of the Dungeon
  3774 | D:5      | Found a blossoming altar of Fedhas.
  4053 | D:5      | Found a shadowy altar of Dithmenos.
  4307 | D:6      | Reached ** piety under Okawaru
  4846 | D:6      | Found a snail-covered altar of Cheibriados.
  4927 | D:6      | Reached XP level 9. HP: 46/75 MP: 8/8
  5160 | D:6      | Found a basalt altar of Yredelemnul.
  5176 | D:6      | Found a burning altar of Makhleb.
  5223 | D:6      | Found a staircase to the Ecumenical Temple.
  5448 | D:6      | Found an ornate altar of the Wu Jian Council.
  5828 | D:7      | Reached *** piety under Okawaru
  5875 | D:7      | Found Hiphunio's Magic Scroll Boutique.
  5877 | D:7      | Found Enteoz's Antique Weapon Emporium.
  6023 | D:7      | Noticed Joseph
  6038 | D:7      | Killed Joseph
  6095 | D:7      | Reached skill level 10 in Long Blades
  6231 | D:7      | Found Orikhec's Food Shop.
  6495 | D:7      | Found Azilunu's Armour Emporium.
  6574 | D:7      | Noticed Sigmund
  6584 | D:7      | Killed Sigmund
  6603 | D:7      | Noticed Edmund
  6613 | D:7      | Killed Edmund
  6835 | D:7      | Bought a bloodstained falchion for 256 gold pieces
  6836 | D:7      | Identified the +6 falchion "Goblin's Death Toll" {slice,
                  | rElec} (You bought it in a shop on level 7 of the Dungeon)
  6849 | D:7      | Bought a scroll of teleportation for 33 gold pieces
  6905 | D:8      | Noticed Maurice
  6929 | D:8      | Noticed Gastronok
  6932 | D:8      | Killed Maurice
  6932 | D:8      | Reached XP level 10. HP: 81/86 MP: 9/9
  6961 | D:8      | Killed Gastronok
  6961 | D:8      | Reached **** piety under Okawaru
  6967 | D:8      | Reached skill level 10 in Shields
  6989 | D:8      | Reached skill level 10 in Armour
  7394 | D:8      | Found a staircase to the Lair.
  7402 | D:8      | Reached ***** piety under Okawaru
  7520 | D:8      | Found a transporter.
  7521 | D:8      | Identified the +1 ring mail of the Merchant {MR+}
  7526 | D:8      | Found a transporter.
  7766 | D:8      | Received a gift from Okawaru
  7774 | D:8      | Got a pair of bloodstained boots {god gift}
  7785 | D:8      | Identified the +0 pair of boots of Pomob {rElec} (Okawaru
                  | gifted it to you on level 8 of the Dungeon)
  8069 | D:8      | Reached XP level 11. HP: 89/92 MP: 10/10
  8071 | D:8      | Noticed a three-headed hydra
  8088 | D:8      | Killed an 11-headed hydra
  8826 | D:9      | Noticed Pikel
  8838 | D:9      | Killed Pikel
  8909 | D:9      | Noticed a two-headed ogre
  8915 | D:9      | Killed a two-headed ogre
  9037 | D:9      | Noticed Psyche
  9046 | D:9      | Killed Psyche
  9168 | D:10     | Entered Level 10 of the Dungeon
  9294 | D:10     | Found a flagged portal.
  9308 | Bailey   | Entered a bailey
  9490 | Bailey   | Noticed an orc knight
  9490 | Bailey   | Noticed an orc knight
  9571 | Bailey   | Reached skill level 1 in Stealth
  9746 | Bailey   | Killed an orc knight
  9757 | Bailey   | Killed an orc knight
  9757 | Bailey   | Reached skill level 1 in Evocations
  9777 | Bailey   | Got a bloodstained plate armour
  9788 | Bailey   | Identified the +2 plate armour "Duaxezen" {rPois rF- Regen+
                  | Slay-6} (You found it in a bailey)
 10035 | D:10     | Found a staircase to the Orcish Mines.
 10045 | D:10     | Received a gift from Okawaru
 10091 | D:10     | Killed an unseen horror
 10460 | D:10     | Reached XP level 12. HP: 53/104 MP: 11/11
 11570 | D:12     | Noticed Azrael
 11583 | D:11     | Killed Azrael
 11583 | D:11     | Received a gift from Okawaru
 11583 | D:11     | Reached skill level 1 in Invocations
 11631 | D:12     | Noticed Nergalle
 11644 | D:12     | Killed Nergalle
 11644 | D:12     | Received a gift from Okawaru
 12539 | D:12     | Reached skill level 10 in Fighting
 12823 | Lair:1   | Entered Level 1 of the Lair of Beasts
 12849 | Lair:1   | Received a gift from Okawaru
 13660 | Lair:2   | Reached XP level 13. HP: 74/113 MP: 13/13
 13689 | Lair:2   | Reached ****** piety under Okawaru
 13783 | Lair:2   | Got a translucent brass ring
 13897 | Lair:2   | Found a dark tunnel.
 13968 | Lair:2   | Found a gate leading to a gauntlet.
 13977 | Gauntlet | Entered a Gauntlet
 13977 | Gauntlet | Found a transporter.
 13977 | Gauntlet | Found a transporter.
 13977 | Gauntlet | Found a transporter.
 13998 | Gauntlet | Found a transporter.
 14014 | Gauntlet | Found a transporter.
 14017 | Gauntlet | Found a transporter.
 14033 | Gauntlet | Found a transporter.
 14052 | Gauntlet | Found a transporter.
 14053 | Gauntlet | Noticed a reaper
 14058 | Gauntlet | Found a transporter.
 14061 | Gauntlet | Found a transporter.
 14072 | Gauntlet | Found a transporter.
 14075 | Gauntlet | Found a transporter.
 14345 | Gauntlet | Got an ancient cloak
 14356 | Gauntlet | Identified the +1 cloak of Veetet {rF+ Dex+3} (You found it
                  | in a Gauntlet)
 14363 | Gauntlet | Identified the ring "Inefoidu" {+Blink rF+ MR+ Int+2 SInv}
                  | (You found it on level 2 of the Lair of Beasts)
 14380 | Gauntlet | Killed a reaper
 14390 | Gauntlet | Got a distressingly furry hat
 14401 | Gauntlet | Identified the +1 hat of Integrity {Str+3} (You found it in
                  | a Gauntlet)
 14415 | Gauntlet | Noticed a minotaur
 14424 | Gauntlet | Killed a minotaur
 14424 | Gauntlet | Reached skill level 15 in Long Blades
 14433 | Gauntlet | Identified the Handbook of Curses and Snow
 14501 | Lair:2   | Found a staircase to the Snake Pit.
 15029 | Lair:3   | Received a gift from Okawaru
 15032 | Lair:3   | Got a pitted triple sword {god gift}
 15033 | Lair:3   | Identified the +6 triple sword of Exquisite Torment {elec,
                  | Int+3} (Okawaru gifted it to you on level 3 of the Lair of
                  | Beasts)
 15355 | Lair:3   | Found a staircase to the Swamp.
 15745 | Lair:4   | Noticed Sonja
 15754 | Lair:4   | Killed Sonja
 15754 | Lair:4   | Reached skill level 15 in Shields
 15787 | Lair:4   | Noticed Nessos
 15805 | Lair:4   | Killed Nessos
 15895 | Lair:4   | Received a gift from Okawaru
 17056 | Orc:1    | Entered Level 1 of the Orcish Mines
 17316 | Orc:2    | Entered Level 2 of the Orcish Mines
 17318 | Orc:2    | Found Qioqaud's Assorted Antiques.
 17346 | Orc:2    | Bought a scroll labeled JOITIC IR ATAWO for 32 gold pieces
 17486 | Orc:2    | Found a staircase to the Elven Halls.
 17627 | Orc:2    | HP: 5/116 [orc knight/+1 broad axe of venom (4)]
 19086 | Orc:2    | Reached XP level 14. HP: 124/124 MP: 12/14
 19092 | Orc:2    | Received a gift from Okawaru
 19347 | Orc:2    | Found Byz Puerr's Food Boutique.
 19347 | Orc:2    | Found Luuf Dimp's Magic Scroll Emporium.
 19349 | Orc:2    | Found Ocuos's Assorted Antiques.
 19349 | Orc:2    | Found Rawno's Magic Scroll Boutique.
 19361 | Orc:2    | Bought a scroll of magic mapping for 45 gold pieces
 19364 | Orc:2    | Bought a scroll of noise for 17 gold pieces
 19364 | Orc:2    | Bought a scroll of identify for 34 gold pieces
 19877 | Orc:1    | Found a transporter.
 19898 | Orc:1    | Noticed an orc warlord
 19905 | Orc:1    | Noticed Dmuffinman's ghost (journeyman MiBe)
 19970 | Orc:1    | HP: 3/124 [orc priest/divine providence[an orc warlord]
                  | (13)]
 20489 | Orc:1    | Paralysed by an orc sorcerer for 3 turns
 20606 | Orc:1    | Killed an orc warlord
 20870 | Orc:1    | Found a transporter.
 21062 | Orc:1    | Killed Dmuffinman's ghost
 21064 | Orc:1    | Gained mutation: You are dopey. (Int -2) [a neqoxec]
 21131 | Orc:1    | Gained mutation: Scrolls take you a little longer to read.
                  | [a neqoxec]
 21145 | Orc:1    | Got the ring of Zazeiroe {Int+3}
 21146 | Orc:1    | Identified the ring of Zazeiroe {Int+3 Stlth+} (You found
                  | it on level 1 of the Orcish Mines)
 21388 | D:11     | Lost mutation: Scrolls take you a little longer to read.
                  | [potion of mutation]
 21388 | D:11     | Lost mutation: You are dopey. (Int -2) [potion of mutation]
 21388 | D:11     | Gained mutation: You are frail. (-10% HP) [potion of
                  | mutation]
 21388 | D:11     | Gained mutation: Your flesh is cold resistant. (rC+)
                  | [potion of mutation]
 21389 | D:11     | Lost mutation: Your flesh is cold resistant. (rC+) [potion
                  | of mutation]
 21389 | D:11     | Lost mutation: You are frail. (-10% HP) [potion of
                  | mutation]
 21389 | D:11     | Gained mutation: Your system is resistant to poisons.
                  | (rPois) [potion of mutation]
 21389 | D:11     | Gained mutation: You are weak. (Str -2) [potion of
                  | mutation]
 21389 | D:11     | Gained mutation: Your body sometimes deteriorates upon
                  | taking damage. [potion of mutation]
 21389 | D:11     | Lost mutation: You are weak. (Str -2) [potion of mutation]
 21882 | Swamp:1  | Entered Level 1 of the Swamp
 22019 | Swamp:1  | Noticed a thorn hunter
 22035 | Swamp:1  | Killed a thorn hunter
 22496 | Swamp:1  | Reached skill level 5 in Dodging
 22504 | Swamp:1  | Got a transparent long sword
 22505 | Swamp:1  | Identified the +5 long sword of Daumenix {venom, rPois
                  | Str-3 Int+2 Stlth+} (You acquired it on level 1 of the
                  | Swamp)
 22672 | Swamp:1  | Received a gift from Okawaru
 22680 | Swamp:1  | Lost mutation: Your body sometimes deteriorates upon taking
                  | damage. [potion of mutation]
 22680 | Swamp:1  | Lost mutation: Your system is resistant to poisons. (rPois)
                  | [potion of mutation]
 22680 | Swamp:1  | Gained mutation: You are somewhat resistant to further
                  | mutation. [potion of mutation]
 22680 | Swamp:1  | Gained mutation: Your spells are a little harder to cast,
                  | but a little more powerful. [potion of mutation]
 23116 | Swamp:2  | Noticed Frances
 23123 | Swamp:2  | Noticed Nikola
 23256 | Swamp:2  | Killed Frances
 23308 | Swamp:2  | Killed Nikola
 23327 | Swamp:2  | Got a warped double sword
 23328 | Swamp:2  | Identified the +10 double sword of the Fray {freeze,
                  | Fragile rPois rN+ Int+4} (You acquired it on level 2 of the
                  | Swamp)
 24411 | Elf:1    | Entered Level 1 of the Elven Halls
 24411 | Elf:1    | Found Naokla Luex's Assorted Antiques.
 24456 | Elf:1    | Noticed a lich
 24462 | Elf:1    | Noticed an Ice Fiend
 24464 | Elf:1    | Received a gift from Okawaru
 24469 | Elf:1    | HP: 5/127 [Ice Fiend[a lich] (7)]
 24469 | Elf:1    | Demolished by an Ice Fiend

Levels and vault maps discovered:
D:1:      dpeg_arrival_radiant, layout_basic, minmay_pentomino_p2
D:2:      layout_loops_cross, evilmike_ruin_ashenzari
D:3:      layout_basic, kiku_gazebo_garden_becter, first_ration
D:4:      layout_gridville, okawaru_altar_gauntlet_db,
          nicolae_overflow_hidden_temple, overflow_temple_1_default,
          uniq_eustachio, uniq_duvessa
D:5:      layout_basic, nicolae_overflow_crystal_walls, basic_altar
D:6:      layout_cave_pools, yredelemnul_altar_generic, slow_altar_1,
          kennysheep_mini_moat, minmay_temple_entry_stoned_glass, basic_altar,
          st_stairs_1, kennysheep_cross_bottleneck, minivault_1,
          minmay_misc_feat_more_columns
D:7:      layout_basic, serial_shops, nicolae_shop_trees, shop, shop_coins,
          shop_fountains, sigmund_edmund_badplayer, uniq_joseph
D:8:      layout_basic, erik_lair_island, gammafunk_ghost_gnarly_gnolls,
          hangedman_ranch [blue_anna_fruit_fields], uniq_gastronok, uniq_maurice
D:9:      layout_basic, uniq_pikel, uniq_psyche
D:10:     layout_basic, orc_david_3, enter_bailey_7
D:11:     layout_long_grid, hangedman_decor_opposing
D:12:     layout_basic, minmay_misc_feat_diagonals, serial_bayou_ford_a,
          uniq_azrael, uniq_nergalle
Lair:1:   layout_loops_ring, serial_bayou_shore_a, grunt_megastairs_4
Lair:2:   layout_gridlike, minmay_snake_entry_guardpost_medium, enter_volcano_2,
          gauntlet_entry_generic, serial_bayou_lagoon_a
Lair:3:   layout_loops_ring, swamp_mist, chequers_serial_rivers_small_a
Lair:4:   layout_regular_city, uniq_nessos, uniq_sonja
Swamp:1:  layout_basic_swamp, evilmike_swamp_ruin_house_2, swamp_pool3
Swamp:2:  layout_basic_swamp, evilmike_swamp_ruin_rubble_2, swamp_pool1,
          uniq_nikola, uniq_frances
Orc:1:    layout_caves, gammafunk_ghost_stat_death, statue_in_the_mist_lemuel
Orc:2:    grunt_orc_tribal_feast, layout_diamond_mine, serial_shops, shop,
          nicolae_orc_lava_room
Elf:1:    minmay_the_grid_3x3 [minmay_the_grid_minigrid_small_alt,
          minmay_the_grid_minigrid_small, minmay_the_grid_tri_star,
          minmay_the_grid_fan, minmay_the_grid_x,
          minmay_the_grid_zigzag_pyramid, minmay_the_grid_pillar_ring,
          minmay_the_grid_dragon_a, minmay_the_grid_prize_trominoes],
          layout_rooms, serial_shops, shop_statue, nicolae_shop_crystal,
          nicolae_shop_temple_entry_statues_fountains,
          nicolae_shop_temple_entry_statues_fountains, minmay_elf_necromancy,
          st_stairs_13

Skill      XL: |  1  2  3  4  5  6  7  8  9 10 11 12 13 14 |
---------------+-------------------------------------------+-----
Shields        | 4 5 6 8 9 10 12 14 15 16 | 16.7
Fighting       | 4 5 6 7 9 10 11 12 | 12.8
Long Blades    | 3 4 5 7 9 10 12 13 14 15 16 | 16.2
Armour         | 4 5 7 9 10 12 13 14 | 14.6
Dodging        | 1 2 3 4 5 |  5.1
Stealth        | 1 2 |  2.1
Evocations     | 1 |  1.7
Invocations    | 1 2 3 |  3.4

Action                   |  1- 3 |  4- 6 |  7- 9 | 10-12 | 13-15 || total
-------------------------+-------+-------+-------+-------+-------++-------
Melee: Long sword        |   121 |   110 |   293 |       |       ||   524
       Headbutt          |    22 |    23 |    61 |   180 |   232 ||   518
       Falchion          |       |       |    22 |   808 |   638 ||  1468
       Double sword      |       |       |       |       |   135 ||   135
       Scimitar          |       |       |       |       |   103 ||   103
Invok: Heroism           |       |       |     3 |     4 |    18 ||    25
       Finesse           |       |       |       |       |     4 ||     4
Evoke: Wand              |       |       |     7 |     8 |    10 ||    25
  Use: Potion            |     4 |     1 |     1 |     2 |     7 ||    15
       Scroll            |       |       |     2 |    16 |    14 ||    32
 Stab: Paralysed         |       |       |       |       |     2 ||     2
  Eat: Chunk             |     3 |     3 |    13 |    22 |    38 ||    79
       Ration            |       |       |       |       |     1 ||     1
Armor: Scale mail        |    12 |       |       |       |       ||    12
       Chain mail        |    63 |    73 |   122 |    23 |       ||   281
       Plate armour      |       |       |       |   274 |   256 ||   530
Dodge: Dodged            |    31 |    39 |   103 |   330 |   235 ||   738
Block: Shield            |    82 |    65 |   198 |   559 |   523 ||  1427
       Rpst.: Long sword |    13 |    17 |    25 |       |       ||    55
       Falchion          |       |       |     2 |    82 |    45 ||   129
       Scimitar          |       |       |       |       |     8 ||     8
       Double sword      |       |       |       |       |     8 ||     8
